 Dungeon Crawl Stone Soup version 0.28-a0-750-g7c675f85b1 (webtiles) character file.

Game seed: 17829024264719009430

105 freelancePsychic the Conjurer (level 4, -6/31 HPs)
             Began as a Demonspawn Conjurer on Oct 30, 2021.
             Killed from afar by an orc wizard (8 damage)
             ... with a puff of flame
             ... on level 3 of the Dungeon.
             The game lasted 00:04:32 (2827 turns).

freelancePsychic the Conjurer (Demonspawn Conjurer) Turns: 2827, Time: 00:04:32

Health: -6/31      AC:  8    Str:  7    XL:     4   Next: 53%
Magic:  1/8        EV: 12    Int: 20    God:
Gold:   140        SH:  0    Dex: 12    Spells: 6/9 levels left

rFire   . . .      SeeInvis .   b - +0 dagger
rCold   . . .      Faith    .   (no shield)
rNeg    . . .      Spirit   .   a - +0 robe
rPois   .          Reflect  .   (no helmet)
rElec   .          Harm     .   (no cloak)
rCorr   .          Rampage  .   (no gloves)
Will    .....                   (no boots)
Stlth   +.........              (no amulet)
HPRegen 0.10/turn               (no ring)
MPRegen 0.11/turn               (no ring)

@: confused, lethally poisoned (-6 -> -9), sanguine armoured, flying
A: foul stench 1, sanguine armour 1
a: no special abilities


You were on level 3 of the Dungeon.
You visited 1 branch of the dungeon, and saw 3 of its levels.

You collected 140 gold pieces.

Inventory:

Hand Weapons
 b - a +0 dagger (weapon)
Armour
 a - a +0 robe (worn)
 j - a +0 buckler
Scrolls
 c - a scroll of summoning {unknown}
 d - a scroll of brand weapon {unknown}
 f - a scroll of immolation {unknown}
 h - a scroll of teleportation {unknown}
 i - a scroll of amnesia {unknown}


   Skills:
 + Level 0.7 Fighting
 - Level 1.7 Dodging
 - Level 1.7 Stealth
 - Level 3.0 Spellcasting
 + Level 5.2 Conjurations
 + Level 0.6 Hexes


You had 6 spell levels left.
You knew the following spells:

 Your Spells              Type           Power      Damage    Failure   Level
a - Magic Dart            Conj           96%        1d7       1%          1
b - Searing Ray           Conj           48%        2d6       2%          2

Your spell library contained the following spells:

 Spells                   Type           Power      Damage    Failure   Level
 Dazzling Flash           Conj/Hex       28%        N/A       13%         3
 Fulminant Prism          Conj/Hex       7%         3d7       38%         4
 Iskenderun's Mystic Bla  Conj/Tloc      13%        2d5       43%         4


Dungeon Overview and Level Annotations

Branches:
Dungeon (3/15)

Altars:


Innate Abilities, Weirdness & Mutations

You may rarely emit foul miasma when damaged in melee.
When seriously injured, your bleeding wounds create armour. (AC +6)


Message History

(Press . to maintain the ray.)
Something hits you.
You are poisoned.
It was a potion of curing.
You feel better.
Your blood armour dries and flakes away.
Something hits you.
You are poisoned.
You feel very sick. Something hits you.
Your blood congeals into armour.
You are lethally poisoned!
You feel very sick.
You hear some strange, mumbled words.
Something tries to affect you, but you resist.
You see here a scroll labelled TAIKOL HASTROLI.
You feel very sick.
A magic dart appears from out of thin air!
The magic dart hits you but does no damage.
* * * LOW HITPOINT WARNING * * *
You feel very sick.
* * * LOW HITPOINT WARNING * * *
You feel sick.
It was a potion of flight.
You feel very buoyant.
You fly up into the air.
* * * LOW HITPOINT WARNING * * *
You feel sick.
You hear some strange, mumbled words.
You are confused.
You aren't carrying any potions.
You are too confused!
You're too confused to cast spells.
You're too confused to cast spells.
* * * LOW HITPOINT WARNING * * *
You feel sick.
* * * LOW HITPOINT WARNING * * *
You feel sick.
You hear some strange, mumbled words.
A puff of flame appears from out of thin air!
The puff of flame hits you!
You die...

. .# #. .#. ... #.#
# ######.#
#.#......###########
....###..{?..).))...
#......@.###########
######..## # #..#
...###.>####
...........#
##.###.<##.# #..##.#
#..##.# #..##.#


There were no monsters in sight!

Vanquished Creatures
  An orc wizard (D:3)
  3 adders (D:2)
  A worm (D:2)
  A dart slug (D:1)
  2 orcs (D:3)
  3 bats (D:1)
  3 endoplasms
  7 goblins
  7 hobgoblins
  2 jackals (D:1)
  2 quokkas
  5 ball pythons
  3 frilled lizards
  3 kobolds
  2 rats
45 creatures vanquished.

Notes
Turn   | Place    | Note
-------+----------+-------------------------------------------
     0 | D:1      | freelancePsychic the Demonspawn Conjurer began the quest
                  | for the Orb.
     0 | D:1      | Reached XP level 1. HP: 13/13 MP: 3/3
   415 | D:1      | Gained mutation: When seriously injured, your bleeding
                  | wounds create armour. (AC +6) [demonic ancestry]
   415 | D:1      | Reached XP level 2. HP: 19/19 MP: 1/5
   642 | D:1      | Learned a level 2 spell: Searing Ray
  1536 | D:2      | Gained mutation: You may rarely emit foul miasma when
                  | damaged in melee. [demonic ancestry]
  1536 | D:2      | Reached XP level 3. HP: 24/24 MP: 1/7
  2130 | D:2      | Found a faded altar of an unknown god.
  2388 | D:2      | Reached skill level 5 in Conjurations
  2435 | D:2      | Reached XP level 4. HP: 30/30 MP: 3/8
  2827 | D:3      | Killed from afar by an orc wizard

Illustrated notes

Levels and vault maps discovered:
D:1:      dpeg_arrival_arbitrary_b, layout_basic
D:2:      layout_basic, ebering_ecumenical_altar_sacrificial,
          minmay_pentomino_pile
D:3:      minmay_bubble_buster, layout_loops_ring, minmay_misc_feat_five

Skill      XL: |  1  2  3 |
---------------+----------+-----
Spellcasting   | 3 |  3.0
Conjurations   | 5 |  5.2
Fighting       | |  0.7
Dodging        | |  1.7
Stealth        | |  1.7
Hexes          | |  0.6

Action                   |  1- 3 |  4- 6 || total
-------------------------+-------+-------++-------
Melee: Dagger            |    17 |       ||    17
 Cast: Magic Dart        |    26 |       ||    26
       Searing Ray       |    24 |     4 ||    28
  Use: Potion            |       |     2 ||     2
 Stab: Sleeping          |     1 |       ||     1
Armor: Robe              |     6 |     1 ||     7
Dodge: Dodged            |    12 |       ||    12

Table legend: (Time is in decaauts)
 A = Elapsed time spent in this place.
 B = Non-inter-level travel time spent in this place.
 C = Inter-level travel time spent in this place.
 D = Time resting spent in this place.
 E = Time spent auto-exploring this place.
 F = Levels seen in this place.
 G = Mean time per level.
                   A        B        C        D        E       F      G
               +--------+--------+--------+--------+--------+-----+--------+
         Total |   2825 |   2763 |     62 |    186 |   2329 |   3 |  941.7 |
       Dungeon |   2825 |   2763 |     62 |    186 |   2329 |   3 |  941.7 |
               +--------+--------+--------+--------+--------+-----+--------+

Top non-repeatable levels by time:
     D:1: 1480 daAuts
     D:2: 1314 daAuts
     D:3: 30 daAuts
